 Dungeon Crawl Stone Soup version 0.19.5 (webtiles) character file.

264 unrecovered the Ruffian (level 5, 0/72 HPs)
             Began as a Troll Hunter on June 3, 2017.
             Slain by Pikel
             ... wielding a +1 whip of electrocution
              (17 damage)
             ... on level 4 of the Dungeon.
             The game lasted 00:09:37 (2803 turns).

unrecovered the Ruffian (Troll Hunter)              Turns: 2803, Time: 00:09:39

Health: 0/72       AC: 22    Str: 21    XL:     5   Next: 98%
Magic:  4/4        EV:  1    Int:  7    God:
Gold:   212        SH:  0    Dex: 10    Spells: 0 memorised, 4 levels left

rFire  + . .     SeeInvis +       - Unarmed
rCold  x . .     Gourm    +     (armour currently unavailable)
rNeg   + + +     Faith    .     (no shield)
rPois  +         Spirit   .     (helmet currently unavailable)
rElec  .         Reflect  .     (cloak currently unavailable)
rCorr  .         Harm     .     (gloves unavailable)
MR     .....     NoTele   +     (boots unavailable)
Stlth  +.........               (no amulet)
                                o - ring of fire
                                r - ring of see invisible

@: tree-form
A: unfitting armour, (claws 0), fast metabolism 3, gourmand, regeneration 1,
(shaggy fur 0), (tough skin 0)
a: no special abilities


You were on level 4 of the Dungeon.
You were completely stuffed.
You were a tree.
You visited 1 branch of the dungeon, and saw 4 of its levels.

You collected 212 gold pieces.

Inventory:

Hand Weapons
 a - a +0 short sword
 q - a +3 quarterstaff of chaos
Missiles
 c - 3 large rocks (quivered)
 d - 2 throwing nets
Armour
 m - a +0 cloak (melded)
 u - a +2 robe of positive energy (melded)
Jewellery
 n - an uncursed ring of resist corrosion
 o - a ring of fire (right branch)
 r - a ring of see invisible (left branch)
Wands
 s - a wand of digging (8/24)
Scrolls
 g - a scroll of immolation
 l - a scroll of teleportation
 t - a scroll of amnesia {unknown}
 w - a scroll of enchant armour {unknown}
 x - a scroll of blinking {unknown}
Potions
 b - a potion of brilliance
 e - a potion of lignification
 j - 2 potions of might
 p - a potion of cancellation
 v - a potion of degeneration {unknown}
Comestibles
 f - 3 bread rations
 i - 3 meat rations
 k - a fruit


   Skills:
 - Level 1.5 Fighting
 - Level 3.6 Throwing
 - Level 1.5 Dodging
 - Level 0.3 Stealth
 + Level 5.9 Unarmed Combat


You had 4 spell levels left.
You didn't know any spells.

Dungeon Overview and Level Annotations

Branches:
Dungeon (4/15)
 Temple: D:4-7

Altars:
Dithmenos
Gozag
Makhleb

Annotations:
D:4 Pikel


Innate Abilities, Weirdness & Mutations

You are too large for most types of armour.
((You have claws for hands.))
Your metabolism is lightning-fast.
You like to eat raw meat.
Your natural rate of healing is unusually fast.
((You are covered in fur. (AC +1)))
((You have very tough skin. (AC +2)))


Message History

You kill the adder!
You scratch Pikel. You claw Pikel.
Pikel is severely wounded.
Pikel hits you but does no damage.
You are electrocuted!
You scratch Pikel but do no damage.
Pikel is severely wounded.
Pikel waves his whip at you. Pikel closely misses you.
You closely miss Pikel.
Pikel is severely wounded.
Pikel hits you with a whip of electrocution.
* * * LOW HITPOINT WARNING * * *
You turn into a tree.
Your +0 cloak melds into your body.
Your +2 robe of positive energy melds into your body.
You feel less protected from negative energy.
Your roots penetrate the ground.
Pikel hits you with a whip of electrocution.
* * * LOW HITPOINT WARNING * * *
You are electrocuted!
You die...

### #.. #.# #
#.##.####.
##p).((....
##...#.####<
######p.....#
#..♣Kpp.....#
#.####p.....#
#.# ##...#.#
#.# ###..#.#
#.# #.###..
#.# #. ##
##.# #. #..#
#.## #####


You could see Pikel and 4 slaves.

Vanquished Creatures
  An orc priest (D:3)
  Crazy Yiuf (D:2)
  Jessica (D:3)
  Ijyb (D:2)
  9 adders
  2 worms
  A dart slug (D:2)
  3 leopard geckos (D:2)
  6 orcs (D:3)
  7 bats
  2 giant cockroaches
  3 goblins
  5 hobgoblins
  12 kobolds
  A quokka (D:2)
  A ball python (D:4)
  5 frilled lizards
  9 rats
  A fungus (D:2)
71 creatures vanquished.

Notes
Turn   | Place    | Note
-------+----------+-------------------------------------------
     0 | D:1      | unrecovered the Troll Hunter began the quest for the Orb.
     0 | D:1      | Reached XP level 1. HP: 19/19 MP: 0/0
   181 | D:1      | Reached skill level 1 in Unarmed Combat
   382 | D:1      | Reached XP level 2. HP: 23/27 MP: 1/1
   588 | D:2      | Reached skill level 2 in Unarmed Combat
   677 | D:2      | Reached XP level 3. HP: 31/33 MP: 2/2
   880 | D:2      | Reached skill level 3 in Unarmed Combat
  1007 | D:2      | Noticed Ijyb
  1016 | D:2      | Killed Ijyb
  1016 | D:2      | Reached skill level 4 in Unarmed Combat
  1016 | D:2      | Reached XP level 4. HP: 41/41 MP: 3/3
  1647 | D:2      | Found a runed door.
  1652 | D:2      | Noticed Crazy Yiuf
  1656 | D:2      | Killed Crazy Yiuf
  1656 | D:2      | Reached XP level 5. HP: 32/48 MP: 4/4
  1916 | D:3      | Reached skill level 5 in Unarmed Combat
  1938 | D:3      | Found a shadowy altar of Dithmenos.
  2051 | D:3      | Noticed Jessica
  2057 | D:3      | Killed Jessica
  2189 | D:3      | Found an opulent altar of Gozag.
  2669 | D:4      | Found a burning altar of Makhleb.
  2783 | D:4      | Noticed Pikel
  2785 | D:4      | Noticed a slave
  2785 | D:4      | Noticed a slave
  2785 | D:4      | Noticed a slave
  2785 | D:4      | Noticed a slave
  2803 | D:4      | Slain by Pikel

Skill      XL: |  1  2  3  4  5 |
---------------+----------------+-----
Unarmed Combat | 1 2 4 5 |  5.9
Fighting       | |  1.5
Throwing       | |  3.6
Dodging        | |  1.5
Stealth        | |  0.3

Action                   |  1- 3 |  4- 6 || total
-------------------------+-------+-------++-------
Melee: Unarmed           |   103 |   103 ||   206
       Punch             |     2 |     4 ||     6
Throw: Large rock        |       |     4 ||     4
Evoke: Wand              |       |     1 ||     1
  Use: Scroll            |       |     8 ||     8
       Potion            |       |     1 ||     1
 Stab: Sleeping          |     1 |     2 ||     3
  Eat: Chunk             |    10 |    17 ||    27
       Bread ration      |     1 |       ||     1
Armor: Robe              |    37 |    36 ||    73
Dodge: Dodged            |    50 |    43 ||    93
